 Dungeon Crawl Stone Soup version 0.28.0-53-g5a82cb258f (webtiles) character file.

Game seed: 13151353939922167866

110 Gabide the Stinger (level 5, -1/39 HPs)
             Began as a Formicid Venom Mage on June 12, 2022.
             Slain by a kobold
             ... wielding a +0 dagger
              (2 damage)
             ... on level 2 of the Dungeon.
             The game lasted 00:05:25 (2629 turns).

Gabide the Stinger (Formicid Venom Mage)            Turns: 2629, Time: 00:05:25

Health: -1/39      AC:  4    Str: 13    XL:     5   Next: 14%
Magic:  0/9        EV: 11    Int: 16    God:
Gold:   67         SH:  0    Dex: 11    Spells: 7/10 levels left

rFire   . . .      SeeInvis +   d - +1 short sword (freeze)
rCold   . . .      Faith    .   (no shield)
rNeg    . . .      Spirit   .   b - +0 leather armour
rPois   .          Reflect  .   (helmet unavailable)
rElec   .          Harm     .   (no cloak)
rCorr   .          Rampage  .   c - +0 pair of gloves
Will    .....                   (no boots)
Stlth   ++........              (no amulet)
HPRegen 0.13/turn               (no ring)
MPRegen 0.11/turn               (no ring)

@: no status effects
A: permanent stasis, dig shafts and tunnels, antennae 3, four strong arms
a: Dig, Shaft Self


You were on level 2 of the Dungeon.
You visited 1 branch of the dungeon, and saw 3 of its levels.

You collected 67 gold pieces.

Inventory:

Hand Weapons
 d - a +1 short sword of freezing (weapon)
Armour
 b - a +0 leather armour (worn)
 c - a +0 pair of gloves (worn)
Scrolls
 e - a scroll of teleportation {unknown}
 g - a scroll of enchant armour {unknown}
 h - a scroll of immolation
 i - a scroll of amnesia {unknown}
Potions
 a - a potion of cancellation
 f - a potion of flight


   Skills:
 + Level 2.4 Fighting
 - Level 1.7 Dodging
 - Level 2.4 Stealth
 - Level 3.0 Spellcasting
 - Level 3.0 Transmutations
 - Level 4.5 Poison Magic


You had 7 spell levels left.
You knew the following spells:

 Your Spells              Type           Power      Damage    Failure   Level
a - Sting                 Tmut/Pois      56%        1d5       4%          1
b - Poisonous Vapours     Pois/Air       18%        N/A       14%         2

Your spell library contained the following spells:

 Spells                   Type           Power      Damage    Failure   Level
 Mephitic Cloud           Conj/Pois/Air  7%         N/A       36%         3
 Olgreb's Toxic Radiance  Pois           17%        N/A       36%         4


Dungeon Overview and Level Annotations

Branches:
Dungeon (3/15)

Altars:

Annotations:
D:2 1 runed translucent door, Crazy Yiuf


Innate Abilities, Weirdness & Mutations

You cannot be hasted, slowed, berserked, paralysed or teleported.
You can dig through walls and to a lower floor.
You have a pair of large antennae on your head. (SInv)
Your four strong arms can wield two-handed weapons with a shield.


Message History

Aim: a kobold, wielding a +0 dagger (64% to hit)
The sting misses the kobold.
The frilled lizard bites you.
* * * LOW HITPOINT WARNING * * *
The kobold hits you with a +0 dagger.
* * * LOW HITPOINT WARNING * * *
Aiming: Sting (safe; 4% risk of failure)
Press: ? - help, Q - select action, (/) - cycle Shift-Dir - straight line, f/p - kobold
Aim: a kobold, wielding a +0 dagger (64% to hit)
You miscast Sting.
You are very lightly contaminated with residual magic.
Nothing appears to happen.
The frilled lizard bites you but does no damage.
The kobold hits you with a +0 dagger.
* * * LOW HITPOINT WARNING * * *
Okay, then.
Okay, then.
You hit the frilled lizard. You freeze the frilled lizard.
You kill the frilled lizard!
The kobold hits you with a +0 dagger.
* * * LOW HITPOINT WARNING * * *
You closely miss the kobold. The kobold barely misses you.
Aiming: Sting (safe; 4% risk of failure)
Press: ? - help, Q - select action, (/) - cycle Shift-Dir - straight line, f/p - kobold
Aim: a kobold, wielding a +0 dagger (64% to hit)
The sting hits the kobold but does no damage.
The kobold is poisoned.
The kobold hits you but does no damage.
Your magical contamination has completely faded away.
You hit the kobold but do no damage.
The kobold is moderately wounded.
The kobold hits you with a +0 dagger.
* * * LOW HITPOINT WARNING * * *
You barely miss the kobold.
The kobold is severely wounded.
The kobold closely misses you.
You closely miss the kobold.
The kobold is severely wounded.
The kobold hits you with a +0 dagger.
You die...

####### ###.#)..###
)##..#......##
{+.####......########## g###
##..#....##.....##
####..>.........#####
#.†..............#
#....K...........#
####.....@..........#
##...................#
#######....................#
...........................#
#....####..................#
#....# ##.....##..........#
#....# ###.#####........>#
#....## ###..# ##........#
#<....###...## #.#..#####


You could see a kobold (poisoned).

Vanquished Creatures
  A hound skeleton (D:2)
  4 adders (D:2)
  A white imp (D:2)
  A worm (D:2)
  7 bats
  5 endoplasms
  5 giant cockroaches
  2 goblins
  7 hobgoblins
  6 kobolds
  A quokka (D:2)
  6 ball pythons
  3 frilled lizards
  5 rats
54 creatures vanquished.

Notes
Turn   | Place    | Note
-------+----------+-------------------------------------------
     0 | D:1      | Gabide the Formicid Venom Mage began the quest for the Orb.
     0 | D:1      | Reached XP level 1. HP: 13/13 MP: 3/3
   322 | D:1      | Reached XP level 2. HP: 19/19 MP: 3/5
   883 | D:1      | Reached XP level 3. HP: 22/24 MP: 2/6
  1055 | D:1      | Learned a level 2 spell: Poisonous Vapours
  1703 | D:2      | Reached XP level 4. HP: 30/30 MP: 5/8
  1907 | D:2      | Reached skill level 1 in Fighting
  1968 | D:2      | Found a runed translucent door.
  1969 | D:2      | Noticed Crazy Yiuf
  2565 | D:2      | Reached XP level 5. HP: 38/38 MP: 4/9
  2627 | D:2      | HP: 1/39 [kobold/+0 dagger (2)]
  2629 | D:2      | Slain by a kobold

Illustrated notes

Levels and vault maps discovered:
D:1:      lemuel_arrival_cross, layout_basic
D:2:      layout_rooms, hex_intersection, minmay_pentomino_u4,
          uniq_crazy_yiuf_cottage
D:3:      layout_rooms, grunt_temple_overflow_open

Skill      XL: |  1  2  3  4 |
---------------+-------------+-----
Transmutations | 2 3 |  3.0
Spellcasting   | 3 |  3.0
Fighting       | 2 |  2.4
Dodging        | |  1.7
Stealth        | |  2.4
Poison Magic   | |  4.5

Action                   |  1- 3 |  4- 6 || total
-------------------------+-------+-------++-------
Melee: Unarmed           |     1 |       ||     1
       Short sword       |    30 |    19 ||    49
       Punch             |     2 |       ||     2
 Cast: Sting             |    50 |    42 ||    92
       Poisonous Vapours |    15 |       ||    15
  Use: Scroll            |       |     3 ||     3
Armor: Leather armour    |    10 |    20 ||    30
Dodge: Dodged            |    33 |    22 ||    55
